 Dungeon Crawl Stone Soup version 0.25.0-9-g26727b657a (webtiles) character file.

Game seed: 11782032584045886614

12 vurker the Vexing (level 2, 0/23 HPs)
             Began as a Gnoll Arcane Marksman on June 19, 2020.
             Slain by a jackal (2 damage)
             ... on level 1 of the Dungeon.
             The game lasted 00:01:06 (748 turns).

vurker the Vexing (Gnoll Arcane Marksman)            Turns: 748, Time: 00:01:07

Health: 0/23       AC:  2    Str: 12    XL:     2   Next: 33%
Magic:  2/5        EV: 14    Int: 15    God:
Gold:   66         SH:  0    Dex: 15    Spells: 5/6 levels left

rFire    . . .     SeeInvis .   (no weapon)
rCold    . . .     Gourm    .   (no shield)
rNeg     . . .     Faith    .   a - +0 robe
rPois    .         Spirit   .   (no helmet)
rElec    .         Reflect  .   (no cloak)
rCorr    .         Harm     .   (no gloves)
MR       .....                  (no boots)
Stlth    ++........             (no amulet)
HPRegen  0.07/turn              j - ring of flight
MPRegen  0.09/turn              (no ring)

@: very slightly contaminated
A: distributed training, fangs 1, strong nose
a: Evoke Flight


You were on level 1 of the Dungeon.
You were not hungry.

You visited 1 branch of the dungeon, and saw 1 of its levels.

You collected 66 gold pieces.

Inventory:

Missiles
 c - 5 javelins (quivered)
 d - 2 throwing nets
Armour
 a - a +0 robe (worn)
Jewellery
 j - a ring of flight (left hand)
   (You found it on level 1 of the Dungeon)
Scrolls
 f - a scroll of immolation {unknown}
 g - a scroll of enchant weapon {unknown}
Potions
 h - a potion of mutation {unknown}
 i - a potion of brilliance {unknown}
Comestibles
 b - 2 chunks of flesh
 e - 2 rations


   Skills:
 + Level 2.4 Fighting
 + Level 0.3 Short Blades
 + Level 0.3 Long Blades
 + Level 0.3 Axes
 + Level 0.3 Maces & Flails
 + Level 0.3 Polearms
 + Level 0.3 Staves
 + Level 0.3 Slings
 + Level 0.3 Bows
 + Level 0.3 Crossbows
 + Level 4.4 Throwing
 + Level 0.3 Armour
 + Level 4.4 Dodging
 + Level 0.3 Stealth
 + Level 0.3 Shields
 + Level 0.3 Unarmed Combat
 + Level 2.7 Spellcasting
 + Level 0.2 Conjurations
 + Level 5.3 Hexes
 + Level 0.2 Charms
 + Level 0.2 Summonings
 + Level 0.2 Necromancy
 + Level 0.2 Translocations
 + Level 0.2 Transmutations
 + Level 0.2 Fire Magic
 + Level 0.2 Ice Magic
 + Level 0.2 Air Magic
 + Level 0.2 Earth Magic
 + Level 0.2 Poison Magic
 + Level 0.4 Invocations
 + Level 0.3 Evocations


You had 5 spell levels left.
You knew the following spells:

 Your Spells              Type           Power        Failure   Level  Hunger
a - Corona                Hex            ###....      2%          1    #......

Your spell library contained the following spells:

 Spells                   Type           Power        Failure   Level  Hunger
 Slow                     Hex            ###.....     3%          2    ##.....
 Inner Flame              Hex/Fire       ##......     21%         3    ###....
 Portal Projectile        Hex/Tloc       ##....       21%         3    ###....
 Cause Fear               Hex            ###.......   22%         4    #####..
 Leda's Liquefaction      Hex/Erth       ##........   54%         4    #####..


Dungeon Overview and Level Annotations

Branches:
Dungeon (1/15)

Altars:


Innate Abilities, Weirdness & Mutations

Your experience applies equally to all skills.
You have very sharp teeth.
Your uncanny sense of smell can sniff out nearby items.


Message History

The jackal completely misses you.
You hit the jackal but do no damage.
The jackal bites you but does no damage.
You hit the jackal but do no damage. Your bite misses the jackal.
The jackal bites you.
* * * LOW HITPOINT WARNING * * *
The jackal bites you.
* * * LOW HITPOINT WARNING * * *
You hit the jackal.
You kill the jackal!
Aim: a frilled lizard (chance to defeat MR: 73%)
The frilled lizard is outlined in light.
The frilled lizard misses you.
Found a tourmaline ring.
The frilled lizard stops glowing.
You see here a tourmaline ring.
j - a tourmaline ring The frilled lizard misses you.
Found a scroll labeled SAIROE MARUARI.
A bat comes into view.
The bat barely misses you. The bat barely misses you.
The bat completely misses you. The bat hits you.
* * * LOW HITPOINT WARNING * * *
The bat hits you but does no damage. The bat closely misses you.
The bat hits you but does no damage. The bat completely misses you.
The bat barely misses you. The bat closely misses you.
Some of the chunks of flesh in your inventory have rotted away.
The bat misses you.
j - a ring of flight (left hand)
The bat barely misses you.
Aim: a bat (chance to defeat MR: 73%)
The bat is outlined in light.
The bat hits you but does no damage. The bat closely misses you.
You hit the bat. Your bite misses the bat. The bat barely misses you.
The bat closely misses you.
You hit the bat but do no damage. The bat closely misses you.
You hit the bat.
You kill the bat!
Aim: a jackal (chance to defeat MR: 73%)
You miscast Corona.
You are very lightly contaminated with residual magic.
Nothing appears to happen.
The jackal misses you.
You hit the jackal but do no damage. Your bite misses the jackal.
The jackal closely misses you. The jackal completely misses you.
Aim: a jackal (chance to defeat MR: 73%)
The jackal is outlined in light.
The jackal bites you.
You die...

.............#.#.#.#..#
......................#
.............#.#.#.#.##
........?............#
.............#.#.#.#.#
.............l..h....#
########+########...##
#.#...#####.##
.##....lhh@...#
..#..#..####.##
#...###.# #.# ..#..#hl#
#†# ........# #.#
..###.#.# #h# . ##....#
#.# .#..#..# #.#
#...###.####.#


You could see 2 jackals and a frilled lizard.

Vanquished Creatures
  2 bats (D:1)
  2 giant cockroaches (D:1)
  3 goblins (D:1)
  2 jackals (D:1)
9 creatures vanquished.

Notes
Turn   | Place    | Note
-------+----------+-------------------------------------------
     0 | D:1      | vurker the Gnoll Arcane Marksman began the quest for the
                  | Orb.
     0 | D:1      | Reached XP level 1. HP: 17/17 MP: 4/4
   515 | D:1      | Reached XP level 2. HP: 18/23 MP: 5/5
   718 | D:1      | HP: 1/23 [jackal (3)]
   748 | D:1      | Slain by a jackal

Illustrated notes

Levels and vault maps discovered:
D:1:      dpeg_arrival_rhombus, layout_basic, serial_glass, glass_columns_a,
          glass_columns_c, item_on_display_a, minmay_strange_pillars,
          minmay_strange_pillars, minmay_strange_pillars,
          minmay_tree_intersection

Action                   || total
-------------------------++-------
Melee: Unarmed           ||    99
       Bite              ||     5
 Cast: Corona            ||     5
Armor: Robe              ||    24
Dodge: Dodged            ||    95
